3AAA
CALGARY LYNX @ SANTA BARBARA GOLDEN CRANES
09/01/2042
 
TOP OF THE 1ST
Calgary Lynx batting - Pitching for Santa Barbara Golden Cranes : RHP Ambrose Randall
Pitching: RHP Ambrose Randall
Batting: RHB Rafael Carballar 0-0: Ball
1-0: TRIPLE (Flyball, 9LD, EV 95.0 MPH)
Batting: LHB Júlio Souza 0-0: Called Strike
0-1: Ball
1-1: Foul Ball, location: 2F
1-2: Strikes out looking
Batting: RHB Roy Bagnall 0-0: Called Strike
0-1: Ball
1-1: Reached on error, E6 (Groundball, 6, EV 101.2 MPH)
Rafael Carballar scores
Batting: LHB Yoritomo Sato 0-0: Ball
1-0: Ball
Roy Bagnall steals 2nd base
2-0: Foul Ball, location: 2F
2-1: Foul Ball, location: 2F
2-2: Foul Ball, location: 2F
2-2: Foul Ball, location: 2F
2-2: Fly out, F7 (Line Drive, 7, EV 85.6 MPH)
Batting: RHB Tobias Valencia 0-0: Fly out, F7 (Flyball, 7S, EV 73.8 MPH)
Top of the 1st over - 1 run, 1 hit, 1 error, 1 left on base; Calgary 1 - Santa Barbara 0
BOTTOM OF THE 1ST
Santa Barbara Golden Cranes batting - Pitching for Calgary Lynx : RHP Asher Mouland
Pitching: RHP Asher Mouland
Batting: RHB Jody Clark 0-0: Ball
1-0: Foul Ball, location: 2F
1-1: Bunt missed!
1-2: Ball
2-2: Ball
3-2: Fly out, F7 (Flyball, 7LM, EV 100.0 MPH)
Batting: RHB José Avilés 0-0: Ground out 6-3 (Groundball, 6, EV 102.5 MPH)
Batting: LHB Jamie Starr 0-0: Ball
1-0: Ball
2-0: Hit by Pitch
Batting: LHB Steve Murdock 0-0: Fly out, F9 (Line Drive, 9D, EV 88.1 MPH)
Bottom of the 1st over - 0 runs, 0 hits, 0 errors, 1 left on base; Calgary 1 - Santa Barbara 0
TOP OF THE 2ND
Calgary Lynx batting - Pitching for Santa Barbara Golden Cranes : RHP Ambrose Randall
Batting: RHB Eloi Hanai 0-0: Ground out 5-3 (Groundball, 56S, EV 95.0 MPH)
Batting: RHB Igme Samson 0-0: Called Strike
0-1: Ball
1-1: Ball
2-1: Ball
3-1: Base on Balls
Batting: SHB Jim Santos 0-0: Ball
1-0: Swinging Strike
1-1: Swinging Strike
1-2: Ball
2-2: Ball
3-2: Foul Ball, location: 2F
3-2: Foul Ball, location: 2F
3-2: Foul Ball, location: 2F
3-2: Base on Balls
Igme Samson to second
Batting: RHB Effie Atsaves 0-0: Ball
1-0: Called Strike
1-1: Fly out, F8 (Flyball, 89D, EV 85.0 MPH)
Batting: RHB Rafael Carballar 0-0: Called Strike
0-1: Ball
1-1: SINGLE (Groundball, 34, EV 84.4 MPH) (infield hit)
Igme Samson to third
Jim Santos to second
Batting: LHB Júlio Souza 0-0: Called Strike
0-1: Swinging Strike
0-2: Strikes out swinging
Top of the 2nd over - 0 runs, 1 hit, 0 errors, 3 left on base; Calgary 1 - Santa Barbara 0
BOTTOM OF THE 2ND
Santa Barbara Golden Cranes batting - Pitching for Calgary Lynx : RHP Asher Mouland
Batting: RHB John Ricks 0-0: Called Strike
0-1: Ball
1-1: Ball
2-1: Ball
3-1: Swinging Strike
3-2: Fly out, F7 (Flyball, 7LSF, EV 83.1 MPH)
Batting: LHB Alfredo Garza 0-0: Fly out, F6 (Popup, 6, EV 75.6 MPH)
Batting: RHB Pat Lloyd 0-0: Ball
1-0: Ball
2-0: Foul Ball, location: 2F
2-1: Foul Ball, location: 2F
2-2: SINGLE (Groundball, 56D, EV 105.6 MPH)
Batting: LHB Kyle Mullens 0-0: Ball
1-0: Fielders Choice at 2nd, U4 (Groundball, 4M, EV 108.8 MPH)
Bottom of the 2nd over - 0 runs, 1 hit, 0 errors, 1 left on base; Calgary 1 - Santa Barbara 0
TOP OF THE 3RD
Calgary Lynx batting - Pitching for Santa Barbara Golden Cranes : RHP Ambrose Randall
Batting: RHB Roy Bagnall 0-0: Fly out, F8 (Flyball, 8LS, EV 95.0 MPH)
Batting: LHB Yoritomo Sato 0-0: Ball
1-0: Ground out 6-3 (Groundball, 6, EV 84.4 MPH)
Batting: RHB Tobias Valencia 0-0: Ball
1-0: Swinging Strike
1-1: Foul Ball, location: 2F
1-2: SINGLE (Flyball, 9LM, EV 103.1 MPH)
Batting: RHB Eloi Hanai 0-0: Ball
1-0: 2-RUN HOME RUN (Flyball, 7LD, EV 93.1 MPH), Distance : 349 ft
Batting: RHB Igme Samson 0-0: Ball
1-0: Foul Ball, location: 2F
1-1: Foul Ball, location: 2F
1-2: Ball
2-2: Strikes out looking
Top of the 3rd over - 2 runs, 2 hits, 0 errors, 0 left on base; Calgary 3 - Santa Barbara 0
BOTTOM OF THE 3RD
Santa Barbara Golden Cranes batting - Pitching for Calgary Lynx : RHP Asher Mouland
Batting: LHB Tso-lin Shuo 0-0: DOUBLE (Line Drive, 89M, EV 89.4 MPH)
Batting: RHB Jody Clark 0-0: SINGLE (Flyball, 8RS, EV 90.6 MPH)
Tso-lin Shuo to third
Batting: RHB José Avilés 0-0: Called Strike
0-1: Fly out, F9 (Flyball, 89D, EV 85.6 MPH)
Runner from 3rd tags up, SCORES, throw by RF
Batting: LHB Jamie Starr 0-0: Ball
Jody Clark steals 2nd base
1-0: Ball
2-0: Called Strike
2-1: Foul Ball, location: 2F
2-2: Ball
3-2: Foul Ball, location: 2F
3-2: Foul Ball, location: 2F
3-2: Base on Balls
Batting: LHB Steve Murdock 0-0: Ball
1-0: Ball
2-0: Fly out, F8 (Flyball, 78XD, EV 102.5 MPH)
Runner from 2nd tags up, SAFE at 3rd, no throw by CF
Batting: RHB John Ricks 0-0: Ground out 1-3 (Groundball, P, EV 71.2 MPH)
Bottom of the 3rd over - 1 run, 2 hits, 0 errors, 2 left on base; Calgary 3 - Santa Barbara 1
TOP OF THE 4TH
Calgary Lynx batting - Pitching for Santa Barbara Golden Cranes : RHP Ambrose Randall
Batting: SHB Jim Santos 0-0: Swinging Strike
0-1: Fly out, F9 (Flyball, 89S, EV 84.4 MPH)
Batting: RHB Effie Atsaves 0-0: Ball
1-0: Ball
2-0: Foul Ball, location: 2F
2-1: DOUBLE (Groundball, 5L, EV 108.8 MPH)
Batting: RHB Rafael Carballar 0-0: Ball
1-0: Foul Ball, location: 2F
1-1: Swinging Strike
1-2: Fly out, F4 (Popup, 4D, EV 49.4 MPH)
Batting: LHB Júlio Souza 0-0: Swinging Strike
0-1: Swinging Strike
0-2: Fly out, F7 (Flyball, 7LS, EV 85.6 MPH)
Top of the 4th over - 0 runs, 1 hit, 0 errors, 1 left on base; Calgary 3 - Santa Barbara 1
BOTTOM OF THE 4TH
Santa Barbara Golden Cranes batting - Pitching for Calgary Lynx : RHP Asher Mouland
Batting: LHB Alfredo Garza 0-0: Called Strike
0-1: SOLO HOME RUN (Flyball, 89XD, EV 92.5 MPH), Distance : 401 ft
Batting: RHB Pat Lloyd 0-0: Ball
1-0: Ground out U3 (Groundball, 3S, EV 71.2 MPH)
Batting: LHB Kyle Mullens 0-0: Ball
1-0: Ground out 4-3 (Groundball, 4, EV 86.2 MPH)
Batting: LHB Tso-lin Shuo 0-0: Called Strike
0-1: Ball
1-1: SINGLE (Groundball, 4MD, EV 105.6 MPH)
Batting: RHB Jody Clark 0-0: Foul Ball, location: 2F
0-1: Ball
1-1: Ball
2-1: Swinging Strike
2-2: Ball
Wild Pitch!
Tso-lin Shuo to second
3-2: SINGLE (Line Drive, 7LM, EV 106.2 MPH)
Tso-lin Shuo to third
Tso-lin Shuo scores
Batting: RHB José Avilés 0-0: Foul Ball, location: 2F
0-1: Ball
Jody Clark is caught stealing 2nd base 2-4
Bottom of the 4th over - 2 runs, 3 hits, 0 errors, 0 left on base; Calgary 3 - Santa Barbara 3
TOP OF THE 5TH
Calgary Lynx batting - Pitching for Santa Barbara Golden Cranes : RHP Ambrose Randall
Batting: RHB Roy Bagnall 0-0: Foul Ball, location: 2F
0-1: Foul Ball, location: 2F
0-2: Ball
1-2: Ground out 5-3 (Groundball, 5L, EV 81.9 MPH)
Batting: LHB Yoritomo Sato 0-0: Ball
1-0: Foul Ball, location: 2F
1-1: Ground out 1-3 (Groundball, 15S, EV 70.0 MPH)
Batting: RHB Tobias Valencia 0-0: DOUBLE (Groundball, 5L, EV 105.0 MPH)
Batting: RHB Eloi Hanai 0-0: Ground out 6-3 (Groundball, 56, EV 80.6 MPH)
Top of the 5th over - 0 runs, 1 hit, 0 errors, 1 left on base; Calgary 3 - Santa Barbara 3
BOTTOM OF THE 5TH
Santa Barbara Golden Cranes batting - Pitching for Calgary Lynx : RHP Asher Mouland
Batting: RHB José Avilés 0-0: Called Strike
0-1: Ball
1-1: Ground out 6-3 (Groundball, 6, EV 83.8 MPH)
Batting: LHB Jamie Starr 0-0: Foul Ball, location: 2F
0-1: Foul Ball, location: 2F
0-2: Fly out, F9 (Flyball, 9, EV 91.2 MPH)
Batting: LHB Steve Murdock 0-0: Ball
1-0: Ball
2-0: Ball
3-0: Fly out, F8 (Flyball, 78M, EV 90.6 MPH)
Bottom of the 5th over - 0 runs, 0 hits, 0 errors, 0 left on base; Calgary 3 - Santa Barbara 3
TOP OF THE 6TH
Calgary Lynx batting - Pitching for Santa Barbara Golden Cranes : RHP Ambrose Randall
Batting: RHB Igme Samson 0-0: Called Strike
0-1: Swinging Strike
0-2: Ground out 6-3 (Groundball, 6M, EV 84.4 MPH)
Batting: SHB Jim Santos 0-0: Called Strike
0-1: Foul Ball, location: 2F
0-2: Ball
1-2: Ground out 1-3 (Groundball, 15S, EV 71.2 MPH)
Batting: RHB Effie Atsaves 0-0: Foul Ball, location: 2F
0-1: Ball
1-1: Swinging Strike
1-2: Foul Ball, location: 2F
1-2: Strikes out looking
Top of the 6th over - 0 runs, 0 hits, 0 errors, 0 left on base; Calgary 3 - Santa Barbara 3
BOTTOM OF THE 6TH
Santa Barbara Golden Cranes batting - Pitching for Calgary Lynx : RHP Asher Mouland
Batting: RHB John Ricks 0-0: Ball
1-0: Ball
2-0: DOUBLE (Flyball, 8LXD, EV 104.4 MPH)
Batting: LHB Alfredo Garza 0-0: Ball
1-0: Called Strike
1-1: Ball
2-1: Ball
3-1: Base on Balls
Batting: RHB Pat Lloyd 0-0: Sac Bunt to 25 - play at third, runner OUT! 5-6
Alfredo Garza to second
Batting: LHB Kyle Mullens 0-0: Ball
1-0: Ball
2-0: Called Strike
2-1: 3-RUN HOME RUN (Flyball, 9LD, EV 103.1 MPH), Distance : 336 ft
Pitching: RHP Paco Garza
Batting: LHB Tso-lin Shuo 0-0: Fly out, F2 (Popup, 25F, EV 81.9 MPH)
Batting: RHB Jody Clark 0-0: Ball
1-0: Ground out 1-3 (Groundball, 34S, EV 92.5 MPH)
Bottom of the 6th over - 3 runs, 2 hits, 0 errors, 0 left on base; Calgary 3 - Santa Barbara 6
TOP OF THE 7TH
Calgary Lynx batting - Pitching for Santa Barbara Golden Cranes : RHP Ambrose Randall
Batting: RHB Rafael Carballar 0-0: Fly out, F4 (Popup, 3S, EV 76.2 MPH)
Batting: LHB Júlio Souza 0-0: Called Strike
0-1: Swinging Strike
0-2: Foul Ball, location: 2F
0-2: SOLO HOME RUN (Flyball, 78XD, EV 103.8 MPH), Distance : 413 ft
Batting: RHB Roy Bagnall 0-0: Ball
1-0: Ball
2-0: Foul Ball, location: 2F
2-1: Called Strike
2-2: Fly out, F7 (Flyball, 7LS, EV 76.2 MPH)
Batting: LHB Yoritomo Sato 0-0: Ball
1-0: Ball
2-0: Ground out 4-3 (Groundball, 4, EV 93.1 MPH)
Top of the 7th over - 1 run, 1 hit, 0 errors, 0 left on base; Calgary 4 - Santa Barbara 6
BOTTOM OF THE 7TH
Santa Barbara Golden Cranes batting - Pitching for Calgary Lynx : RHP Paco Garza
Batting: RHB José Avilés 0-0: Ball
1-0: SINGLE (Groundball, 56D, EV 108.8 MPH)
Batting: LHB Jamie Starr 0-0: Ball
1-0: Foul Ball, location: 2F
1-1: Called Strike
1-2: Ball
2-2: Ball
3-2: Fly out, F7 (Line Drive, 7, EV 83.8 MPH)
Batting: LHB Steve Murdock 0-0: Ball
1-0: Ball
2-0: Called Strike
2-1: Foul Ball, location: 2F
2-2: Fly out, F7 (Flyball, 7LM, EV 100.6 MPH)
Batting: RHB John Ricks 0-0: Ball
1-0: Foul Ball, location: 2F
1-1: Called Strike
1-2: Fly out, F8 (Flyball, 8RM, EV 84.4 MPH)
Bottom of the 7th over - 0 runs, 1 hit, 0 errors, 1 left on base; Calgary 4 - Santa Barbara 6
TOP OF THE 8TH
Calgary Lynx batting - Pitching for Santa Barbara Golden Cranes : RHP Ambrose Randall
Batting: RHB Tobias Valencia 0-0: Ball
1-0: Ground out 5-3 (Groundball, 56, EV 101.9 MPH)
Batting: RHB Eloi Hanai 0-0: Ball
1-0: Ball
2-0: Foul Ball, location: 2F
2-1: Fly out, F4 (Popup, 4D, EV 66.9 MPH)
Batting: RHB Igme Samson 0-0: Foul Ball, location: 2F
0-1: Foul Ball, location: 2F
0-2: Foul Ball, location: 2F
0-2: Ball
1-2: Ground out 2-3 (Groundball, 15S, EV 68.8 MPH)
Top of the 8th over - 0 runs, 0 hits, 0 errors, 0 left on base; Calgary 4 - Santa Barbara 6
BOTTOM OF THE 8TH
Santa Barbara Golden Cranes batting - Pitching for Calgary Lynx : RHP Paco Garza
Batting: LHB Alfredo Garza 0-0: Ball
1-0: Foul Ball, location: 2F
1-1: Ball
2-1: DOUBLE (Line Drive, 78XD, EV 102.5 MPH)
Batting: RHB Pat Lloyd 0-0: Called Strike
0-1: Ball
1-1: Ground out 4-3 (Groundball, 4M, EV 81.2 MPH)
Alfredo Garza to third
Batting: LHB Kyle Mullens 0-0: Ball
1-0: Called Strike
1-1: Called Strike
1-2: SINGLE (Line Drive, 9S, EV 104.4 MPH)
Alfredo Garza scores
Batting: LHB Tso-lin Shuo 0-0: Foul Ball, location: 2F
0-1: Ball
1-1: Swinging Strike
1-2: Ball
2-2: Fielders Choice at 2nd, 5-4 (Groundball, 56, EV 78.8 MPH)
Batting: RHB Jody Clark 0-0: Ball
1-0: Fly out, F8 (Flyball, 8LM, EV 92.5 MPH)
Bottom of the 8th over - 1 run, 2 hits, 0 errors, 1 left on base; Calgary 4 - Santa Barbara 7
TOP OF THE 9TH
Calgary Lynx batting - Pitching for Santa Barbara Golden Cranes : RHP Ambrose Randall
Pitching: LHP Carlos Medina
Batting: SHB Jim Santos 0-0: Ball
1-0: Foul Ball, location: 2F
1-1: Foul Ball, location: 2F
1-2: Ground out 6-3 (Groundball, 6M, EV 95.6 MPH)
Batting: RHB Effie Atsaves 0-0: Fly out, F9 (Flyball, 89M, EV 93.1 MPH)
Batting: RHB Rafael Carballar 0-0: Called Strike
0-1: Ball
1-1: Fly out, F8 (Line Drive, 8LM, EV 90.6 MPH)
Top of the 9th over - 0 runs, 0 hits, 0 errors, 0 left on base; Calgary 4 - Santa Barbara 7
Friday, March 26th, 2021 - OOTP Baseball 20.8 Build 74